 Dungeon Crawl Stone Soup version 0.25-a0-167-g836c352ace (webtiles) character file.

Game seed: 10494309467033688770, levelgen mode: deterministic

2 MisterFreud the Skirmisher (level 1, 0/9 HPs)
             Began as a Felid Wanderer on Nov 25, 2019.
             Slain by a leopard gecko (5 damage)
             ... on level 1 of the Dungeon.
             The game lasted 00:00:51 (212 turns).

MisterFreud the Skirmisher (Felid Wanderer)          Turns: 212, Time: 00:00:52

Health: 0/9        AC:  1    Str:  7    XL:     1   Next: 33%
Magic:  4/4        EV: 16    Int: 14    God:
Gold:   20         SH:  0    Dex: 15    Spells: 3/4 levels left
                                        Lives:  0   Deaths: 0

rFire    . . .     SeeInvis +   (weapon unavailable)
rCold    . . .     Gourm    .   (shield unavailable)
rNeg     . . .     Faith    .   (armour unavailable)
rPois    .         Spirit   .   (helmet unavailable)
rElec    .         Reflect  .   (cloak unavailable)
rCorr    .         Harm     .   (gloves unavailable)
MR       .....                  (boots unavailable)
Stlth    ++........             (no amulet)
HPRegen  0.03/turn              (no ring)
MPRegen  0.09/turn              (no ring)

@: quick
A: very small, no armour, no weapons or thrown items, stealth, claws 1, fangs 3,
see invisible, carnivore, speed 1, shaggy fur 1, slow metabolism 1, sharp paws
a: no special abilities


You were on level 1 of the Dungeon.
You were full.

You visited 1 branch of the dungeon, and saw 1 of its levels.

You collected 20 gold pieces.

Inventory:

Missiles
 a - 18 arrows
Comestibles
 b - a ration


   Skills:
 + Level 2.2 Fighting
 - Level 1.3 Dodging
 - Level 1.3 Stealth
 - Level 2.0 Spellcasting
   Level 2.0 Necromancy
   Level 1.0 Air Magic
   Level 1.1 Evocations


You had 3 spell levels left.
You knew the following spells:

 Your Spells              Type           Power        Failure   Level  Hunger
a - Sandblast             Erth           #.....       24%         1    ##.....

Your spell library contained the following spells:

 Spells                   Type           Power        Failure   Level  Hunger
 Stone Arrow              Conj/Erth      #.....       56%         3    ####...


Dungeon Overview and Level Annotations

Branches:
Dungeon (1/15)

Altars:


Innate Abilities, Weirdness & Mutations

You cannot wear armour.
You are incapable of wielding weapons or throwing items.
Your paws allow you to move quietly. (Stealth)
You have sharp claws.
You have razor-sharp teeth.
You have supernaturally acute eyesight. (SInv)
You are carnivorous and can eat meat at any time.
You cover ground quickly.
You are covered in fur. (AC +1)
You have a slow metabolism.
Your sharp claws are effective at attacking unaware monsters.


Message History

Aiming: Sandblast (safe; 24% risk of failure)
Press: ? - help, Shift-Dir - straight line, f/p - leopard gecko
Aim: a leopard gecko You don't have any stones to cast with.
You scratch the leopard gecko but do no damage.
The leopard gecko barely misses you.
The frilled lizard unfolds its giant frill.
The leopard gecko barely misses you.
You barely miss the leopard gecko. The leopard gecko barely misses you.
You completely miss the leopard gecko.
The leopard gecko hisses menacingly.
The leopard gecko closely misses you.
You barely miss the leopard gecko. Your bite misses the leopard gecko.
The leopard gecko barely misses you.
You scratch the leopard gecko but do no damage.
The leopard gecko bites you.
You scratch the leopard gecko but do no damage.
The leopard gecko bites you.
Ouch! That really hurt!
You die...

#.. ####### #.# ......#
#.# #####.# #.# #[#
##.### #####.######....
##.÷..........######.#.#
.#####.###.#..ll@......#
.# #.# #...#######.###
.# #.# ##..# .#
#.####..# .# #.#.....##
.# #÷#.##÷..# .###
#.#.####.# ...# #.#.#
#.# .#.###.#.# #.#


You could see a leopard gecko and a frilled lizard.

Vanquished Creatures
  A bat (D:1)
  2 rats (D:1)
3 creatures vanquished.

Notes
Turn   | Place    | Note
-------+----------+-------------------------------------------
     0 | D:1      | MisterFreud the Felid Wanderer began the quest for the Orb.
     0 | D:1      | MisterFreud set off with the following items: a ration; and
                  | the following spell memorised: Sandblast; and the following
                  | spells available to memorise: Stone Arrow
     0 | D:1      | Reached XP level 1. HP: 9/9 MP: 4/4
   212 | D:1      | Slain by a leopard gecko

Levels and vault maps discovered:
D:1:      matt_arrival_diagonals, layout_loops_ring

Action                   || total
-------------------------++-------
Melee: Unarmed           ||    15
  Use: Scroll            ||     1
 Stab: Sleeping          ||     1
  Eat: Chunk             ||     3
Dodge: Dodged            ||    15

Table legend:
 A = Non-vault XP
 B = Vault XP
 C = Vault XP percentage of total XP
 D = Non-vault monster count
 E = Vault monster count
 F = Vault count percentage of total count
                 A         B        C        D         E       F
            +---------+---------+-------+---------+---------+-------
      Total |       4 |       0 |   0.0 |       3 |       0 |   0.0
            +---------+---------+-------+---------+---------+-------
        D:1 |       4 |       0 |   0.0 |       3 |       0 |   0.0
            +---------+---------+-------+---------+---------+-------
